 Dungeon Crawl Stone Soup version 0.23.0 (webtiles) character file.

Game seed: 12487705891326602406

789 Borgoz the Cutter (level 8, 0/49 HPs)
             Began as a Kobold Berserker on Feb 17, 2019.
             Was an Elder of Trog.
             Slain by a gnoll sergeant
             ... wielding a +2 spear of flaming
              (11 damage)
             ... on level 5 of the Dungeon.
             The game lasted 00:08:13 (5324 turns).

Borgoz the Cutter (Kobold Berserker)                Turns: 5324, Time: 00:08:15

Health: 0/49       AC:  5    Str: 15    XL:     8   Next: 12%
Magic:  8/8        EV: 18    Int:  8    God:    Trog [****..]
Gold:   142        SH:  0    Dex: 16    Spells: 7/7 levels left

rFire    + . .     SeeInvis .   h - +0 dagger (venom)
rCold    + . .     Gourm    .   (shield restricted)
rNeg     + . .     Faith    +   q - +0 leather armour {rN+}
rPois    .         Spirit   .   (no helmet)
rElec    .         Reflect  .   v - scarf {rC+ rF+}
rCorr    .         Harm     .   k - +0 pair of gloves
MR       .....                  s - +0 pair of boots
Stlth    ++........             r - amulet of faith
HPRegen  0.16/turn              (no ring)
MPRegen  0.11/turn              (no ring)

@: no status effects
A: small, carnivore
a: Berserk, Trog's Hand, Brothers in Arms, Renounce Religion


You were on level 5 of the Dungeon.
You worshipped Trog.
Trog was greatly pleased with you.
You were completely stuffed.

You visited 1 branch of the dungeon, and saw 5 of its levels.

You collected 178 gold pieces.
You spent 36 gold pieces at shops.

Inventory:

Hand Weapons
 h - a +0 dagger of venom (weapon)
 n - a +0 dagger of draining
Missiles
 t - 17 poisoned needles
Armour
 k - a +0 pair of gloves (worn)
 q - a +0 leather armour of positive energy (worn)
 s - a +0 pair of boots (worn)
 v - a scarf of resistance (worn)
Jewellery
 r - an amulet of faith (around neck)
Wands
 u - a wand of flame (18)
Scrolls
 a - a scroll of fear {unknown}
 g - a scroll of immolation {unknown}
 i - a scroll of blinking {unknown}
 l - 3 scrolls of enchant weapon {unknown}
 m - 2 scrolls of enchant armour {unknown}
 p - 11 scrolls of identify {unknown}
 x - a scroll of teleportation {unknown}
Potions
 b - 3 potions of curing
 d - 2 potions of lignification {unknown}
 e - 2 potions of heal wounds {unknown}
 f - a potion of magic {unknown}
 j - a potion of ambrosia {unknown}
 o - a potion of agility {unknown}
 w - a potion of brilliance {unknown}
Comestibles
 c - 14 rations


   Skills:
 + Level 5.0 Fighting
 * Level 7.1 Short Blades
 + Level 3.3 Armour
 * Level 5.8 Dodging
 + Level 3.4 Stealth


You had 7 spell levels left.
You didn't know any spells.
Your spell library was empty.

Dungeon Overview and Level Annotations

Branches:
Dungeon (5/15)
 Temple: D:4-7

Altars:
Sif Muna

Shops:
D:4 !=


Innate Abilities, Weirdness & Mutations

You are small and have problems with some larger weapons.
You are carnivorous and can eat meat at any time.


Message History

You hit the gnoll but do no damage.
The gnoll is poisoned.
The gnoll closely misses you.
The gnoll sergeant completely misses you.
You hit the gnoll but do no damage. The gnoll hits you but does no damage.
The gnoll sergeant hits you with a +2 spear of flaming.
* * * LOW HITPOINT WARNING * * *
You closely miss the gnoll.
The gnoll is lightly wounded.
You hit the gnoll.
The gnoll is severely wounded.
The gnoll closely misses you.
The gnoll sergeant hits you with a +2 spear of flaming.
* * * LOW HITPOINT WARNING * * *
You hit the gnoll sergeant but do no damage.
The gnoll sergeant looks as sick as possible!
The gnoll sergeant is heavily wounded.
You kill the gnoll!
Trog accepts your kill.
The gnoll sergeant hits you with a +2 spear of flaming!
You die...

### ## #.## #### #g #..#
.... #. ##..# ....
.#####)####...# ..##..
.........##...# #....
........)....@##..#..
... .##......#..)g.<.#
.. .... ##....##..#...##
#.## #....
##...##..###.##
#..##..... #...##..#
#..# ..#.....[
##..##..###..####......#
#..##..##.....##...#
#.###..##.....##
#..######...######


You could see a gnoll sergeant.

Vanquished Creatures
  Grinder (D:4)
  A centaur (D:4)
  An ogre (D:4)
  A jelly (D:5)
  4 orc wizards
  2 worker ants (D:4)
  Robin (D:3)
  4 gnolls
  8 adders
  A worm (D:4)
  3 dart slugs
  A leopard gecko (D:1)
  9 orcs
  3 bats
  6 giant cockroaches
  12 goblins
  13 hobgoblins
  8 jackals (D:1)
  4 quokkas
  A ball python skeleton (D:4)
  4 frilled lizards
  A jackal zombie (D:5)
  7 kobolds
  28 rats
124 creatures vanquished.

Notes
Turn   | Place    | Note
-------+----------+-------------------------------------------
     0 | D:1      | Borgoz the Kobold Berserker began the quest for the Orb.
     0 | D:1      | Reached XP level 1. HP: 14/14 MP: 1/1
   117 | D:1      | Reached XP level 2. HP: 12/19 MP: 2/2
   833 | D:1      | Reached XP level 3. HP: 23/23 MP: 3/3
  1437 | D:2      | Reached XP level 4. HP: 29/29 MP: 4/4
  1592 | D:2      | Reached ** piety under Trog
  2276 | D:2      | Reached *** piety under Trog
  2416 | D:3      | Reached XP level 5. HP: 33/33 MP: 5/5
  2496 | D:3      | Reached skill level 5 in Short Blades
  2866 | D:3      | Noticed Robin
  2867 | D:3      | Reached skill level 1 in Stealth
  2910 | D:3      | Killed Robin
  3268 | D:3      | Found a deep blue altar of Sif Muna.
  3354 | D:4      | Found Xenkeame's Distillery.
  3382 | D:4      | Bought a potion of curing for 36 gold pieces
  3406 | D:4      | Reached XP level 6. HP: 35/38 MP: 6/6
  3820 | D:4      | Reached **** piety under Trog
  3820 | D:4      | Reached skill level 6 in Short Blades
  4136 | D:4      | Noticed Grinder
  4151 | D:4      | Reached XP level 7. HP: 30/44 MP: 7/7
  4184 | D:4      | Paralysed by Grinder for 3 turns
  4213 | D:4      | Killed Grinder
  4213 | D:4      | Reached skill level 5 in Dodging
  4457 | D:4      | Reached XP level 8. HP: 40/48 MP: 8/8
  4598 | D:4      | Found Ziucijee's Jewellery Emporium.
  4832 | D:5      | Entered Level 5 of the Dungeon
  5038 | D:5      | Reached skill level 7 in Short Blades
  5092 | D:5      | Reached skill level 5 in Fighting
  5324 | D:5      | Slain by a gnoll sergeant

Skill      XL: |  1  2  3  4  5  6  7  8 |
---------------+-------------------------+-----
Dodging        | 3 4 5 |  5.8
Armour         | 2 3 |  3.3
Fighting       | 4 5 |  5.0
Short Blades   | 5 6 7 |  7.1
Stealth        | 1 2 3 |  3.4

Action                   |  1- 3 |  4- 6 |  7- 9 || total
-------------------------+-------+-------+-------++-------
Melee: Short sword       |   105 |   191 |       ||   296
       Dagger            |       |   113 |    95 ||   208
Invok: Berserk           |     2 |     2 |       ||     4
       Trog's Hand       |       |     1 |     1 ||     2
 Stab: Sleeping          |     2 |     3 |     1 ||     6
  Eat: Chunk             |    10 |    12 |     5 ||    27
Armor: Animal skin       |    10 |       |       ||    10
       Leather armour    |     6 |    51 |    12 ||    69
       Scale mail        |     1 |       |       ||     1
Dodge: Dodged            |    94 |   174 |    55 ||   323
